 Dungeon Crawl Stone Soup version 0.29.0-4-gdea44cf6ec (webtiles) character file.

Game seed: 3234571436101230181

46 qw the Ruffian (level 3, -7/28 HPs)
             Began as a Ghoul Fire Elementalist on Aug 29, 2022.
             Mangled by a gnoll
             ... wielding a +0 halberd
              (14 damage)
             ... on level 2 of the Dungeon.
             The game lasted 00:01:20 (1471 turns).

qw the Ruffian (Ghoul Fire Elementalist)            Turns: 1471, Time: 00:01:20

Health: -7/28      AC:  5    Str: 13    XL:     3   Next: 68%
Magic:  4/4        EV: 10    Int: 10    God:
Gold:   116        SH:  0    Dex:  9    Spells: 4/5 levels left

rFire   . . .      SeeInvis .     - Unarmed
rCold   + . .      Faith    .   (no shield)
rNeg    + + +      Spirit   .   g - +0 ring mail
rPois   inf        Reflect  .   (no helmet)
rElec   .          Harm     .   (no cloak)
rCorr   .          Rampage  .   (no gloves)
Will    .....                   (no boots)
Stlth   +.........              (no amulet)
HPRegen 0.00/turn               (no ring)
MPRegen 0.09/turn               (no ring)

@: about to teleport, inhibited regen
A: claws 1, cold resistance 1, negative energy resistance 3, inhibited
regeneration, torment resistance 2, devour on kill
a: no special abilities


You were on level 2 of the Dungeon.
You visited 1 branch of the dungeon, and saw 2 of its levels.

You collected 116 gold pieces.


Innate Abilities, Weirdness & Mutations

You are immune to poison.
You have sharp fingernails.
Your flesh is cold resistant. (rC+)
You are immune to negative energy. (rN+++)
You do not regenerate when monsters are visible.
You are immune to unholy pain and torment.
You thrive by killing the living.


   Skills:
 - Level 1.2 Fighting
 - Level 1.7 Dodging
 - Level 2.1 Stealth
 + Level 3.1 Unarmed Combat
 - Level 1.7 Spellcasting
 - Level 0.7 Conjurations
 - Level 2.4 Fire Magic


You had 4 spell levels left.
You knew the following spells:

 Your Spells              Type           Power      Damage    Failure   Level
a - Foxfire               Conj/Fire      16%        2x1d4     36%         1

Your spell library contained the following spells:

 Spells                   Type           Power      Damage    Failure   Level
 Scorch                   Fire           10%        2d5       36%         2
 Conjure Flame            Conj/Fire      4%         6-21      73%         3
 Inner Flame              Hex/Fire       3%         N/A       78%         3
 Flame Wave               Conj/Fire      4%         2d5       98%         4

Inventory:

Armour
 g - a +0 ring mail (worn)
Scrolls
 b - a scroll of amnesia {unknown}
 c - a scroll of enchant weapon {unknown}
 e - a scroll of identify
Potions
 d - a potion of lignification {unknown}
 h - a potion of flight {unknown}

Dungeon Overview and Level Annotations

Branches:
Dungeon (2/15)

Altars:


Message History

The gnoll is lightly wounded.
The gnoll closely misses you.
The frilled lizard hisses.
The frilled lizard bites you but does no damage.
The gnoll hits you from afar with a +0 halberd.
You scratch the gnoll.
The gnoll is heavily wounded.
The gnoll completely misses you.
The gnoll hits you from afar with a +0 halberd.
The frilled lizard barely misses you.
You scratch the gnoll but do no damage.
The gnoll is heavily wounded.
You scratch the gnoll but do no damage.
The gnoll is heavily wounded.
The gnoll closely misses you.
The frilled lizard bites you but does no damage.
The gnoll hits you from afar with a +0 halberd.
You scratch the gnoll.
The gnoll is almost dead.
The gnoll hits you with a +0 whip!
The frilled lizard bites you but does no damage.
The gnoll closely misses you.
You scratch the gnoll.
You kill the gnoll!
The frilled lizard barely misses you. The gnoll closely misses you.
Your Unarmed Combat skill increases to level 3!
You miss the frilled lizard. The gnoll misses you.
The frilled lizard barely misses you.
You closely miss the frilled lizard.
The gnoll hits you from afar with a +0 halberd.
The frilled lizard barely misses you.
1470 ||| READING scroll of teleportation.
As you read the scroll of teleportation, it crumbles to dust.
You feel strangely unstable. The gnoll closely misses you.
The frilled lizard bites you but does no damage.
You barely miss the frilled lizard.
The gnoll hits you from afar with a +0 halberd!
Ouch! That really hurt!
You die...

..... ###.# ...
###.# 77..... ....#
P7.g. ....#7 ....
.....7 ... .#...7
#.# .....#7P7
#g#####7#7.
##.....7777
#.)@l......
##..#####.#
#.###.##### ....#
#.# #.# # ....#
###.####.###.# #####
#............#
#######.#.####.#####
%.......#.# #.#
#########.# #.# #.#
#.#


You could see a gnoll and a frilled lizard.

Vanquished Creatures
  A gnoll (D:2)
  2 ball pythons
  4 bats (D:1)
  4 endoplasms
  A giant cockroach (D:2)
  A goblin (D:1)
  4 hobgoblins
  A quokka (D:2)
  A frilled lizard (D:1)
  7 kobolds
  6 rats
32 creatures vanquished.

Notes
Turn   | Place    | Note
-------+----------+-------------------------------------------
     0 | D:1      | qw the Ghoul Fire Elementalist began the quest for the Orb.
     0 | D:1      | Reached XP level 1. HP: 14/14 MP: 2/2
     0 | D:1      | 0 ||| qw: Version: 0.1-a-90-g952f4b7
     0 | D:1      | 0 ||| qw: Game counter: 3677
     0 | D:1      | 0 ||| qw: Always use a shield: true
     0 | D:1      | 0 ||| qw: God list: Okawaru
     0 | D:1      | 0 ||| qw: Allow faded altars: false
     0 | D:1      | 0 ||| qw: Do Orc after D:15 true
     0 | D:1      | 0 ||| qw: Do second Lair branch before Depths: true
     0 | D:1      | 0 ||| qw: Lair rune preference: random
     0 | D:1      | 0 ||| qw: Plans: Normal
     0 | D:1      | 0 ||| PLANNING D:1-11
    14 | D:1      | 14 ||| Stepping ~*~*~tactically~*~*~ (stealth).
    66 | D:1      | Reached skill level 1 in Unarmed Combat
   233 | D:1      | Reached skill level 1 in Fighting
   233 | D:1      | Reached XP level 2. HP: 23/23 MP: 3/3
   368 | D:1      | 368 ||| Stepping ~*~*~tactically~*~*~ (stealth).
   373 | D:1      | 373 ||| Stepping ~*~*~tactically~*~*~ (outnumbered).
   374 | D:1      | 374 ||| Stepping ~*~*~tactically~*~*~ (outnumbered).
   375 | D:1      | 375 ||| Stepping ~*~*~tactically~*~*~ (outnumbered).
   376 | D:1      | 376 ||| Stepping ~*~*~tactically~*~*~ (outnumbered).
   377 | D:1      | 377 ||| Stepping ~*~*~tactically~*~*~ (outnumbered).
   378 | D:1      | 378 ||| Stepping ~*~*~tactically~*~*~ (outnumbered).
   380 | D:1      | 380 ||| Stepping ~*~*~tactically~*~*~ (outnumbered).
   386 | D:1      | 386 ||| Stepping ~*~*~tactically~*~*~ (outnumbered).
   390 | D:1      | HP: 3/23 [kobold/+0 short sword (3)]
   828 | D:1      | Reached skill level 2 in Unarmed Combat
  1095 | D:1      | 1095 ||| UPGRADING to +0 ring mail.
  1105 | D:1      | 1105 ||| DROPPING +0 robe.
  1106 | D:1      | 1106 ||| READING 2 scrolls labelled ENIZXU SESUPN.
  1107 | D:1      | 1107 ||| READING scroll labelled VAYZUE ALES.
  1108 | D:1      | 1108 ||| READING scroll labelled NEYV JODUOVUG.
  1111 | D:1      | 1111 ||| DROPPING potion of magic.
  1142 | D:2      | 1142 ||| STAIRDANCE
  1153 | D:2      | Reached XP level 3. HP: 28/28 MP: 4/4
  1456 | D:2      | 1456 ||| Stepping ~*~*~tactically~*~*~ (hiding).
  1457 | D:2      | 1457 ||| Stepping ~*~*~tactically~*~*~ (hiding).
  1468 | D:2      | Reached skill level 3 in Unarmed Combat
  1469 | D:2      | HP: 7/28 [gnoll/+0 halberd (4)]
  1470 | D:2      | 1470 ||| READING scroll of teleportation.
  1471 | D:2      | Mangled by a gnoll

Levels and vault maps discovered:
D:1:      heliophobic_arrival_enchanted_forest, layout_basic,
          hangedman_decor_lopped
D:2:      layout_loops_ring, serial_forest, infiniplex_forest_corner_1,
          infiniplex_forest_end_2, infiniplex_forest_pool,
          infiniplex_forest_clump_medium, infiniplex_forest_corner_1,
          infiniplex_forest_lined_room_2, infiniplex_forest_zigzag_2,
          infiniplex_forest_clump_medium

Skill      XL: |  1  2  3 |
---------------+----------+-----
Unarmed Combat | 1 2 3 |  3.1
Fighting       | 1 |  1.2
Dodging        | |  1.7
Stealth        | |  2.1
Spellcasting   | |  1.7
Conjurations   | |  0.7
Fire Magic     | |  2.4

Action                   || total
-------------------------++-------
Melee: Unarmed           ||    92
  Use: Scroll            ||     4
Armor: Robe              ||    13
       Ring mail         ||    10
Dodge: Dodged            ||    59

Table legend:
 A = Non-vault XP
 B = Vault XP
 C = Vault XP percentage of total XP
 D = Non-vault monster count
 E = Vault monster count
 F = Vault count percentage of total count
                 A         B        C        D         E       F
            +---------+---------+-------+---------+---------+-------
      Total |      67 |       0 |   0.0 |      32 |       0 |   0.0
            +---------+---------+-------+---------+---------+-------
        D:1 |      32 |       0 |   0.0 |      20 |       0 |   0.0
        D:2 |      35 |       0 |   0.0 |      12 |       0 |   0.0
            +---------+---------+-------+---------+---------+-------
